General information
- name: BNet
- type: Ladder 1vs1/FFA
- host: Battle.net
- saver: AlmightyFars
map: MeltingValley
- players: 2
- length: 14:24
- speed: Fast
- version: 1.26 W3XP
- replay type: Public
» download(36 KB)
Players
team 1 (winner)
AlmightyFars (
teal | 62 APM | 894 actions | 14:24)
4 Blood Mage
2 Flame Strike
2 Siphon Mana
» actions
| Assign group hotkey | 95 | |
| Basic commands | 16 | |
| Build / train | 54 | |
| Enter build submenu | 27 | |
| Enter hero's abilities submenu | 4 | |
| Give item / drop item | 1 | |
| Remove unit from queue | 1 | |
| Right click | 304 | |
| Select / deselect | 258 | |
| Select group hotkey | 63 | |
| Use ability | 71 | |
894 total
» units
| Peasant | 13 | |
| Footman | 5 | |
| Sorceress | 2 | |
20 total
» upgrades
| Masonry | 2 | |
| Lumber Harvesting | 1 | |
| Sorceress Training | 1 | |
| Magic Sentry | 1 | |
5 total
» buildings
| Altar of Kings | 1 | |
| Scout Tower | 16 | |
| Barracks | 1 | |
| Farm | 4 | |
| Arcane Tower | 4 | |
| Lumber Mill | 1 | |
| Arcane Vault | 1 | |
| Keep | 1 | |
| Guard Tower | 6 | |
| Arcane Sanctum | 1 | |
36 total
» build order
00:22 Altar of Kings
00:37 Scout Tower
00:44 Barracks
01:05 Farm
01:23 Farm
01:41 Farm
02:08 Arcane Tower
02:26 Lumber Mill
02:45 Arcane Vault
03:35 Keep
05:08 Scout Tower
05:24 Scout Tower
05:26 Scout Tower
05:29 Scout Tower
05:31 Scout Tower
05:34 Scout Tower
05:46 Arcane Tower
05:55 Guard Tower
06:05 Arcane Sanctum
06:08 Arcane Tower
06:09 Guard Tower
06:11 Guard Tower
07:53 Farm
08:25 Scout Tower
08:26 Scout Tower
08:29 Scout Tower
09:05 Guard Tower
09:06 Guard Tower
09:17 Scout Tower
10:10 Arcane Tower
11:35 Scout Tower
11:42 Scout Tower
11:46 Scout Tower
11:50 Scout Tower
12:42 Guard Tower
13:10 Scout Tower
» items
| Scroll of Regeneration | 3 | |
| Boots of Speed | 1 | |
| Staff of Teleportation | 1 | |
| Potion of Invisibility | 3 | |
| Potion of Mana | 2 | |
| Potion of Healing | 1 | |
| Lesser Clarity Potion | 1 | |
12 total
team 2 (loser)
lucasro (
pink | 31 APM | 448 actions | 14:23)
4 Blademaster
2 Critical Strike
2 Wind Walk
3 Shadow Hunter
2 Healing Wave
1 Hex
» actions
| Basic commands | 5 | |
| Build / train | 43 | |
| Enter build submenu | 10 | |
| Enter hero's abilities submenu | 7 | |
| Give item / drop item | 2 | |
| Right click | 168 | |
| Select / deselect | 165 | |
| Use ability | 48 | |
448 total
» units
| Peon | 9 | |
| Grunt | 4 | |
| Kodo Beast | 1 | |
| Raider | 2 | |
| Spirit Walker | 1 | |
| Troll Batrider | 4 | |
| Demolisher | 1 | |
22 total
» upgrades
| Berserker Strength | 1 | |
| Ensnare | 1 | |
| Spirit Walker Training | 1 | |
| Melee Weapons | 1 | |
| Armor | 1 | |
5 total
» buildings
| Altar of Storms | 1 | |
| Orc Burrow | 4 | |
| Barracks | 1 | |
| Voodoo Lounge | 1 | |
| Stronghold | 1 | |
| War Mill | 1 | |
| Beastiary | 1 | |
| Spirit Lodge | 1 | |
11 total
» build order
00:12 Altar of Storms
00:27 Orc Burrow
00:50 Barracks
01:33 Orc Burrow
01:45 Voodoo Lounge
03:41 Stronghold
04:04 Orc Burrow
05:09 Orc Burrow
05:13 War Mill
06:05 Beastiary
06:35 Spirit Lodge
» items
| Healing Salve | 3 | |
| Potion of Mana | 1 | |
| Scroll of Protection | 1 | |
| Scroll of Healing | 1 | |
6 total
Chat log
(11:08 / All) AlmightyFars: AWWW BS